Map: Ice and Chrome LE

Players

HellraiseR

  • Race: Protoss Protoss
  • League: Grandmaster
  • Spawn Location: 1:00

Serral - Winner!

  • Race: Zerg Zerg
  • League: Master
  • Spawn Location: 7:00

Event: DreamHack SC2 Masters 2020 Summer Europe

VOD

Have the link to the VOD?

Description

Time

  • Played on: June 24, 2020, 11:11 a.m.
  • Length: 7:48

All games in this series

Show
View Real Time Build Order
Export as new Build Order

HellraiseR Protoss 

Build Orders: 1 Gate Expand, Blink Stalkers 

Get SALT Encoding   

  12  0:01  Probe  
  13  0:13  Probe  
  14  0:21  Pylon  
  14  0:24  Probe  
  15  0:35  Probe  
  15  0:39  Gateway  
  16  0:43  Probe  
  16  0:48  Assimilator  
  17  0:55  Probe  
  18  1:07  Probe  
  19  1:19  Probe  
  20  1:26  Nexus  
  20  1:33  Cybernetics Core  
  20  1:36  Probe  
  21  1:42  Assimilator  
  21  1:48  Probe  
  21  1:51  Pylon  
  22  1:59  Adept, Probe  
  23  2:07  Probe  
  23  2:12  Warp Gate  
  23  2:15  Probe  
  26  2:21  Twilight Council  
  27  2:27  Probe  
  28  2:31  Stalker  
  28  2:35  Probe  
  30  2:39  Probe  
  30  2:43  Probe  
  32  2:51  Blink, Probe  
  34  2:52  Gateway  
  34  2:53  Probe  
  35  3:04  Probe x2  
  37  3:14  Probe  
  37  3:16  Probe  
  37  3:17  Robotics Facility  
  39  3:22  Probe  
  40  3:28  Probe  
  40  3:33  Gateway  
  41  3:34  Probe  
  41  3:35  Gateway  
  41  3:40  Probe  
  41  3:41  Pylon  
  43  3:46  Probe  
  44  3:52  Gateway, Probe  
  44  3:53  Warp Prism  
  45  3:57  Pylon  
  45  4:06  Stalker  
  45  4:09  Stalker  
  51  4:14  Assimilator  
  51  4:18  Pylon  
  51  4:28  Stalker, Pylon  
  51  4:30  Observer  
  54  4:34  Probe x2  
  56  4:39  Pylon  
  56  4:42  Stalker x3  
  62  4:48  Stalker  
  62  4:51  Stalker  
  66  4:53  Probe x2  
  70  5:07  Assimilator  
  70  5:10  Stalker x3  
  76  5:14  Stalker  
  76  5:20  Stalker  
  78  5:23  Pylon  
  78  5:35  Probe  
  77  5:41  Probe  
  66  5:56  Probe  
  65  5:57  Nexus, Probe  
  65  5:59  Shield Battery  
  65  6:01  Stalker x2, Stargate  
  65  6:04  Stargate  
  70  6:07  Stalker x2  
  74  6:11  Probe  
  74  6:12  Probe  
  75  6:21  Shield Battery  
  75  6:23  Nexus, Probe  
  76  6:28  Probe  
  76  6:32  Probe  
  77  6:35  Oracle  
  77  6:36  Probe  
  77  6:37  Oracle  
  78  6:40  Probe  
  78  6:41  Pylon  
  78  6:44  Assimilator, Probe  
  83  6:50  Probe  
  85  6:56  Probe  
  85  7:00  Stalker x4  
  86  7:06  Stalker  
  75  7:08  Probe  
  75  7:09  Probe  
  73  7:21  Probe  
  71  7:24  Zealot x3  
  71  7:27  Probe  
  77  7:33  Probe  
  77  7:35  Nexus  
Show
View Real Time Build Order
Export as new Build Order

Serral Zerg - Winner!

Build Orders: Hatch First 

Get SALT Encoding   

  12  0:00  Drone  
  13  0:12  Overlord  
  13  0:16  Drone  
  14  0:30  Drone x2  
  16  0:46  Hatchery  
  15  0:51  Drone  
  15  0:54  Drone  
  17  0:57  Drone  
  18  1:07  Extractor  
  17  1:12  Spawning Pool  
  17  1:15  Drone  
  18  1:18  Drone  
  18  1:30  Drone  
  19  1:40  Drone  
  19  1:46  Hatchery  
  19  1:52  Drone  
  20  2:00  Zergling x2  
  21  2:02  Queen  
  21  2:06  Drone  
  24  2:12  Drone  
  24  2:14  Overlord  
  25  2:21  Queen  
  27  2:24  Drone  
  28  2:32  Metabolic Boost  
  28  2:35  Drone x2  
  30  2:39  Drone  
  30  2:42  Drone  
  30  2:43  Drone  
  33  2:50  Queen  
  36  2:58  Drone  
  36  2:59  Overlord  
  36  3:03  Queen  
  38  3:06  Drone  
  38  3:08  Drone  
  38  3:09  Drone  
  41  3:13  Overlord  
  41  3:16  Drone  
  41  3:17  Drone  
  43  3:20  Drone  
  43  3:25  Drone  
  45  3:27  Drone  
  45  3:30  Queen  
  45  3:32  Drone  
  49  3:34  Overlord  
  49  3:35  Drone  
  49  3:37  Spore Crawler  
  49  3:38  Drone  
  50  3:43  Drone, Overlord  
  51  3:49  Overlord  
  51  3:52  Drone x3  
  54  4:00  Roach Warren, Overlord  
  54  4:04  Overlord  
  54  4:08  Overlord  
  54  4:14  Zergling x10, Spine Crawler  
  58  4:19  Zergling x8  
  62  4:25  Zergling x6  
  62  4:30  Zergling x2  
  66  4:40  Roach  
  66  4:41  Roach x4  
  76  4:46  Roach x5  
  76  4:48  Extractor  
  76  4:49  Zergling x4  
  76  4:50  Extractor  
  85  4:56  Zergling x2  
  85  4:57  Zergling x2  
  87  5:02  Overlord  
  87  5:05  Zergling x4  
  90  5:14  Zergling x14  
  96  5:26  Roach x2, Zergling x6  
  94  5:36  Zergling x6  
  94  5:38  Lair  
  94  5:41  Roach x2, Zergling x6  
  101  5:48  Zergling x6  
  105  5:57  Roach, Zergling x2  
  105  5:59  Overlord  
  105  6:02  Overlord  
  106  6:11  Drone x4  
  105  6:14  Overlord  
  105  6:20  Overlord  
  105  6:21  Drone x4  
  109  6:26  Overlord  
  109  6:27  Ravager x5  
  109  6:30  Overlord  
  109  6:31  Extractor  
  113  6:33  Drone  
  113  6:34  Evolution Chamber  
  113  6:36  Overseer  
  113  6:38  Drone x3  
  116  6:40  Drone x2  
  118  6:53  Drone  
  118  6:54  Drone x7  
  121  7:05  Drone x2  
  121  7:07  Drone, Extractor  
  117  7:12  Drone  
  117  7:14  Hatchery, Drone x2  
  116  7:16  Drone  
  116  7:21  Overlord  
  123  7:22  Roach  
  123  7:23  Roach x4  
  121  7:33  Drone x2, Spore Crawler  
  121  7:35  Spore Crawler x2  
  121  7:36  Drone x3, Extractor  
  120  7:38  Hydralisk Den  
Tags
 
Add a new tag
Caveats
  • Supply blocks, unpowered buildings, or Contaminate may cause inaccurate times.
  • Supply counts are checked every 10 seconds.